 Dungeon Crawl Stone Soup version 0.23-a0-558-g30802b1 (webtiles) character file.

184 iamserjio the Caller (level 5, 0/51 HPs)
             Began as an Octopode Wanderer on Dec 11, 2018.
             Slain by an ogre
             ... wielding a +0 giant club
              (8 damage)
             ... on level 4 of the Dungeon.
             The game lasted 00:08:05 (4956 turns).

iamserjio the Caller (Octopode Wanderer)            Turns: 4956, Time: 00:08:05

Health: 0/51       AC: 22    Str: 14    XL:     5   Next: 63%
Magic:  6/6        EV:  2    Int: 16    God:
Gold:   155        SH:  0    Dex: 13    Spells: 2/6 levels left

rFire    . . .     SeeInvis .   k - +0 short sword
rCold    . . .     Gourm    +   (no shield)
rNeg     + + +     Faith    .   (helmet currently unavailable)
rPois    +         Spirit   .   j - amulet of the gourmand
rElec    .         Reflect  .   (no ring)
rCorr    .         Harm     .   (no ring)
MR       .....     NoTele   +   (no ring)
Stlth    ++........             (no ring)
HPRegen  0.17/turn              (no ring)
MPRegen  0.10/turn              (no ring)
                                (no ring)
                                (no ring)

@: mighty, tree-form
A: almost no armour, stealthy swim, (amphibious), 8 rings, (constrict 8)
a: no special abilities


You were on level 4 of the Dungeon.
You were full.
You were a tree.
You visited 1 branch of the dungeon, and saw 4 of its levels.

You collected 155 gold pieces.

Inventory:

Hand Weapons
 b - a +0 hunting sling
 d - a +0 dagger
 k - a +0 short sword (weapon)
 n - a +0 spear
Missiles
 h - 147 stones (quivered)
Jewellery
 j - an amulet of the gourmand (around neck)
Scrolls
 e - 3 scrolls of enchant armour {unknown}
 i - a scroll of amnesia {unknown}
 m - a scroll of random uselessness {unknown}
 q - a scroll of magic mapping {unknown}
Potions
 a - a potion of lignification
 g - a potion of cancellation
 o - 2 potions of heal wounds {unknown}
 p - a potion of might
 r - a potion of invisibility {unknown}
 s - a potion of mutation {unknown}
Comestibles
 f - 2 rations


   Skills:
 + Level 1.7 Fighting
 * Level 2.5 Short Blades
 - Level 2.0 Throwing
 * Level 2.5 Dodging
 + Level 2.2 Stealth
 + Level 1.0 Spellcasting
   Level 2.0 Conjurations
   Level 5.0 Summonings
 + Level 1.7 Translocations


You had 2 spell levels left.
You knew the following spells:

 Your Spells              Type           Power        Failure   Level  Hunger
a - Shroud of Golubria    Chrm/Tloc      #.........   24%         2    ###....
b - Blink                 Tloc           N/A          17%         2    ###....

Your spell library contained the following spells:

 Spells                   Type           Power        Failure   Level  Hunger
 Corpse Rot               Necr           N/A          34%         2    ###....
 Sublimation of Blood     Necr           #.........   34%         2    ###....
 Gell's Gravitas          Tloc           #.........   34%         3    ####...
 Lesser Beckoning         Tloc           #.........   34%         3    ####...
 Teleport Other           Tloc           #.......     34%         3    ####...
 Passage of Golubria      Tloc           N/A          75%         4    #####..


Dungeon Overview and Level Annotations

Branches:
Dungeon (4/15)
 Temple: D:4-7

Altars:
Gozag
Yredelemnul

Shops:
D:4 (


Innate Abilities, Weirdness & Mutations

You cannot wear most types of armour.
You are very stealthy in the water. (Stealth+)
((You are amphibious.))
You can wear up to eight rings at the same time.
((You can use your tentacles to constrict eight enemies at once.))
((Your skin changes colour to match your surroundings (Stealth+).))
((Your rubbery body absorbs attacks. (AC +1, EV +1)))


Message History

Okay, then.
You turn into a tree.
Your roots penetrate the ground.
You barely miss the ogre. The ogre hits you but does no damage.
You hit the ogre. The ogre hits you but does no damage.
You hit the ogre. You hit the ogre but do no damage.
The ogre hits you with a +0 giant club!
You hit the ogre. The ogre hits you with a +0 giant club!
You completely miss the ogre. The ogre hits you with a +0 giant club!
You hit the ogre but do no damage. You barely miss the ogre.
The ogre hits you with a +0 giant club!
* * * LOW HITPOINT WARNING * * *
You feel better. The ogre hits you with a +0 giant club.
* * * LOW HITPOINT WARNING * * *
Okay, then.
Okay, then.
You feel better. The ogre hits you with a +0 giant club!
* * * LOW HITPOINT WARNING * * *
You feel very mighty all of a sudden. The ogre hits you with a +0 giant club!
You die...

....##............#
.........[........##.
........##.......##..
........##.......#..
........##..........
........##.......#
........##.......#
#######.O♣.<.....#
#.....#.#####'####
#.#.#.#.#.....#
#..∩..#.#.#####
#.#.#.#.......#
#.....###.###.#
###'###.......#
#.....####### #######


You could see an ogre.

Vanquished Creatures
  A bullfrog skeleton (D:2)
  An orc priest (D:3)
  Terence (D:3)
  An adder (D:3)
  An ooze (D:2)
  4 dart slugs
  2 leopard geckos
  5 orcs (D:3)
  4 giant cockroaches
  2 gnoll zombies (D:3)
  10 goblins
  7 hobgoblins
  6 jackals
  A ball python (D:3)
  6 bats
  3 frilled lizards
  12 kobolds
  7 rats (D:1)
74 creatures vanquished.

Notes
Turn   | Place    | Note
-------+----------+-------------------------------------------
     0 | D:1      | iamserjio the Octopode Wanderer began the quest for the
                  | Orb.
     0 | D:1      | iamserjio set off with the following items: a potion of
                  | curing {@q1}, a +0 dagger, a ration; and the following
                  | spells available to memorise: Blink, Shroud of Golubria,
                  | Corpse Rot, Sublimation of Blood, Gell's Gravitas, Lesser
                  | Beckoning, Teleport Other, Passage of Golubria
     0 | D:1      | Reached XP level 1. HP: 11/11 MP: 1/1
   603 | D:1      | Reached XP level 2. HP: 18/18 MP: 2/2
   723 | D:1      | Reached skill level 1 in Dodging
   732 | D:1      | Reached skill level 1 in Short Blades
   834 | D:1      | Reached skill level 1 in Stealth
  1020 | D:1      | Reached XP level 3. HP: 13/22 MP: 3/3
  1686 | D:1      | Learned a level 2 spell: Shroud of Golubria
  2045 | D:2      | Reached skill level 1 in Fighting
  2136 | D:2      | Reached XP level 4. HP: 14/28 MP: 4/4
  3001 | D:3      | Found an opulent altar of Gozag.
  3132 | D:3      | Noticed Terence
  3738 | D:3      | Reached XP level 5. HP: 26/33 MP: 4/6
  3923 | D:3      | Learned a level 2 spell: Blink
  4336 | D:3      | Found a basalt altar of Yredelemnul.
  4511 | D:3      | Killed Terence
  4511 | D:3      | Reached skill level 1 in Spellcasting
  4919 | D:4      | Found Ovuzuivy's Antique Weapon Shoppe.
  4940 | D:4      | Noticed an ogre
  4956 | D:4      | Slain by an ogre

Vault maps used:
D:1:      elethiomel_arrival_maze
D:3:      lemuel_zombie_altar_yredelemnul, grunt_gozag_breadcrumbs, uniq_terence
D:4:      lemuel_round_altar, serial_shops, kennysheep_little_box,
          minmay_misc_feat_roman, cheibrodos_gnoll_hut

Skill      XL: |  1  2  3  4  5 |
---------------+----------------+-----
Dodging        | 1 2 |  2.5
Short Blades   | 1 2 |  2.5
Stealth        | 1 2 |  2.2
Fighting       | 1 |  1.7
Spellcasting   | 1 |  1.0
Throwing       | |  2.0
Conjurations   | |  2.0
Summonings     | |  5.0
Translocations | |  1.7

Action                   |  1- 3 |  4- 6 || total
-------------------------+-------+-------++-------
Melee: Dagger            |    16 |     1 ||    17
       Tentacles         |    18 |    18 ||    36
       Constrict         |    28 |    21 ||    49
       Short sword       |    63 |    98 ||   161
 Fire: Hunting sling     |    16 |       ||    16
  Use: Potion            |       |     4 ||     4
       Scroll            |       |     3 ||     3
 Stab: Sleeping          |     3 |     7 ||    10
       Distracted        |     1 |       ||     1
  Eat: Chunk             |     4 |    18 ||    22
Armor: Skin              |     9 |     6 ||    15
Dodge: Dodged            |    53 |    52 ||   105

Table legend:
 A = Non-vault XP
 B = Vault XP
 C = Vault XP percentage of total XP
 D = Non-vault monster count
 E = Vault monster count
 F = Vault count percentage of total count
                 A         B        C        D         E       F
            +---------+---------+-------+---------+---------+-------
      Total |     223 |      40 |  15.2 |      71 |       3 |   4.1
            +---------+---------+-------+---------+---------+-------
        D:1 |      54 |       0 |   0.0 |      31 |       0 |   0.0
        D:2 |      65 |       0 |   0.0 |      13 |       0 |   0.0
        D:3 |     104 |      40 |  27.8 |      27 |       3 |  10.0
            +---------+---------+-------+---------+---------+-------
